 Dungeon Crawl Stone Soup version 0.31-a0-177-g4aa6249778 (webtiles) character file.

Game seed: 8777944921633273052

1474 qw the Chopper (level 8, -3/49 HPs)
             Began as a Gargoyle Fighter on June 18, 2023.
             Was an Initiate of Okawaru.
             Killed from afar by an acid dragon (19 damage)
             ... with a splash of acid
             ... on level 6 of the Dungeon.
             The game lasted 00:02:47 (4939 turns).

qw the Chopper (Gargoyle Fighter)                   Turns: 4939, Time: 00:02:47

Health: -3/49      AC: 28    Str: 23    XL:     8   Next: 78%
Magic:  8/8        EV:  7    Int:  8    God:    Okawaru [......]
Gold:   144        SH:  4    Dex:  9    Spells: 7/7 levels left

rFire   . . .        Y - +0 war axe (flame)
rCold   . . .        c - +0 buckler
rNeg    + . .        a - +8 plate armour {ponderous}
rPois   inf          e - +0 helmet
rElec   +            (no cloak)
rCorr   .            k - +0 pair of gloves
SInv    .            (no boots)
Will    .....        (no amulet) Stlth
                     (no ring)
HPRegen 0.28/turn    (no ring)
MPRegen 0.11/turn

%: no passive effects
@: slowed, very slow
A: sickness immunity, AC +5, negative energy resistance 1, electricity
resistance, torment resistance 1, petrification resistance
a: Renounce Religion


You were on level 6 of the Dungeon.
You worshipped Okawaru.
Okawaru was noncommittal.
You visited 2 branches of the dungeon, and saw 7 of its levels.

You collected 214 gold pieces.
You spent 70 gold pieces at shops.


Innate Abilities, Weirdness & Mutations

You are immune to sickness and miasma.
Your stone body is resilient. (AC +5)
You are immune to poison.
You resist negative energy. (rN+)
You are resistant to electric shocks. (rElec)
You are resistant to unholy torment.
You are immune to petrification.


   Skills:
 - Level 5.0 Fighting
 + Level 7.0 Axes
 - Level 1.8 Throwing
 - Level 5.1 Armour
 - Level 4.0 Dodging
 - Level 3.2 Shields


You had 7 spell levels left.
You didn't know any spells.
Your spell library was empty.

Inventory:

Hand Weapons
 Y - a +0 war axe of flaming (weapon)
Missiles
 p - a boomerang (quivered)
Armour
 a - a +8 plate armour of ponderousness (worn)
 c - a +0 buckler (worn)
 e - a +0 helmet (worn)
 k - a +0 pair of gloves (worn)
Jewellery
 g - a ring of fire
Scrolls
 h - a scroll of identify
Potions
 b - a potion of attraction
 d - a potion of might
 i - a potion of lignification
 m - a potion of cancellation
 n - a potion of curing

Dungeon Overview and Level Annotations

Branches:
Dungeon (6/15)             Temple (1/1) D:6

Altars:
Cheibriados
Dithmenos
Elyvilon
Fedhas
Gozag
Hepliaklqana
Okawaru
Qazlal
Sif Muna
Trog
Uskayaw
Vehumet
Wu Jian
Yredelemnul
Zin
The Shining One

Shops:
D:3 :   D:4 *


Message History

The centaur hits you. You block the centaur's attack.
You block the adder's attack. The acid dragon barely misses you.
The acid dragon claws you but does no damage.
The wraith hits you but does no damage. You block the bullfrog's attack.
The adder closely misses you.
The centaur hits you but does no damage.
The centaur kicks you but does no damage.
The adder bites you but does no damage.
You barely miss the bullfrog.
The bullfrog is heavily wounded.
You barely miss the adder. You hit the adder but do no damage.
You hit the wraith but do no damage. You barely miss the centaur.
You completely miss the acid dragon. You block the centaur's attack.
The centaur barely misses you.
The bullfrog hits you but does no damage.
The adder bites you but does no damage. The acid dragon bites you!
You block the acid dragon's attack. The wraith barely misses you.
The adder closely misses you. The centaur closely misses you.
The centaur kicks you but does no damage.
The bullfrog completely misses you. The acid dragon barely misses you.
The acid dragon claws you but does no damage.
The wraith hits you. The wraith drains your vigour!
You feel as though you will be slow longer.
The bullfrog barely misses you.
The centaur hits you but does no damage.
The centaur kicks you but does no damage.
You barely miss the bullfrog.
The bullfrog is heavily wounded.
You slash the wraith! You burn the wraith. You hit the centaur.
You burn the centaur. You hit the acid dragon. You burn the acid dragon.
You slash the adder! You burn the adder.
You kill the adder!
Okawaru accepts your kill.
You hit the ice beast.
You melt the ice beast.
The centaur hits you but does no damage.
The centaur kicks you but does no damage.
The bullfrog barely misses you. The acid dragon spits acid at you.
The splash of acid hits you!!
You die...

#. ## #. #. #.# # ..
.. .# ..#. :# #..
...###..##.##...
.......K........
......WDY.......
#...c@F.......
####.%S.!.....
###........ #..#######
#..# ##..# .. ##...#
..### ###....##
......#####.......####


You could see a wraith, an acid dragon (catching breath), an ice beast, a kobold
brigand, a bullfrog, a centaur and an adder.

Vanquished Creatures
  Pikel (D:5)
  Grinder (D:5)
  A shadow (D:5)
  A sky beast (D:3)
  2 lemures (D:5)
  A phantom (D:6)
  A scorpion (D:5)
  A hound (D:5)
  4 orc priests (D:4)
  A jelly (D:6)
  5 orc wizards
  8 adders
  A white imp (D:4)
  An ufetubus (D:4)
  A worm (D:2)
  12 orcs
  3 endoplasms
  7 goblins
  7 hobgoblins
  13 jackals
  5 kobolds
  3 quokkas
  9 ball pythons
  2 bats (D:1)
  4 frilled lizards
  7 rats
102 creatures vanquished.

Notes
Turn   | Place    | Note
-------+----------+-------------------------------------------
     0 | D:1      | qw the Gargoyle Fighter began the quest for the Orb.
     0 | D:1      | Reached XP level 1. HP: 14/14 MP: 1/1
     0 | D:1      | 0 ||| qw: Version: 0.3-a-7-ge0c9b40
     0 | D:1      | 0 ||| qw: Game counter: 715
     0 | D:1      | 0 ||| qw: Always use a shield: true
     0 | D:1      | 0 ||| qw: God list: Okawaru
     0 | D:1      | 0 ||| qw: Allow faded altars: false
     0 | D:1      | 0 ||| qw: Do Orc after D:15 true
     0 | D:1      | 0 ||| qw: Do second Lair branch before Depths: true
     0 | D:1      | 0 ||| qw: Lair rune preference: random
     0 | D:1      | 0 ||| qw: Plans: Normal, Zot:1-4, Slime:5, God:TSO, Crypt,
                  | Tomb, Abyss, Pan, Hells, Win
     0 | D:1      | 0 ||| PLANNING D:1-11
   110 | D:1      | Reached skill level 2 in Axes
   509 | D:1      | Reached XP level 2. HP: 19/19 MP: 2/2
   682 | D:1      | Reached skill level 3 in Axes
   874 | D:1      | Reached XP level 3. HP: 23/23 MP: 3/3
   941 | D:1      | 941 ||| UPGRADING to +0 helmet.
   946 | D:1      | 946 ||| READING scroll labelled JOEKUUFIHA.
   975 | D:2      | Found a shadowy altar of Dithmenos.
  1503 | D:2      | Reached XP level 4. HP: 26/28 MP: 4/4
  1638 | D:2      | 1638 ||| READING scroll labelled IME PUSTRICSEO.
  1639 | D:2      | 1639 ||| READING scroll labelled WECZYA QIGGI.
  1640 | D:2      | 1640 ||| READING scroll labelled WAQ JOFODGHOE.
  1641 | D:2      | 1641 ||| DRINKING 2 murky orange potions.
  1642 | D:2      | 1642 ||| DRINKING 2 white potions.
  1643 | D:2      | 1643 ||| DROPPING potion of degeneration.
  1701 | D:3      | Found a faded altar of an unknown god.
  1735 | D:3      | Found a blossoming altar of Fedhas.
  1769 | D:3      | Found a stormy altar of Qazlal.
  1769 | D:3      | Noticed a sky beast
  1770 | D:3      | 1770 ||| UPGRADING to +8 plate armour of ponderousness.
  1787 | D:3      | Killed a sky beast
  1788 | D:3      | Reached skill level 5 in Axes
  1788 | D:3      | Reached XP level 5. HP: 30/32 MP: 5/5
  1793 | D:3      | 1793 ||| DROPPING +0 scale mail.
  1822 | D:3      | 1822 ||| Stepping ~*~*~tactically~*~*~ (stealth).
  1935 | D:3      | Found a basalt altar of Yredelemnul.
  2002 | D:3      | Found a white marble altar of Elyvilon.
  2106 | D:3      | Found Fitutek's Vocational Training.
  2260 | D:3      | 2260 ||| DROPPING +0 whip.
  2433 | D:3      | 2433 ||| READING scroll labelled MOUMPO TIHIDEMULO.
  2434 | D:3      | 2434 ||| DRINKING 2 fizzy yellow potions.
  2503 | D:4      | 2503 ||| Stepping ~*~*~tactically~*~*~ (hiding).
  2504 | D:4      | 2504 ||| Stepping ~*~*~tactically~*~*~ (hiding).
  2505 | D:4      | 2505 ||| Stepping ~*~*~tactically~*~*~ (hiding).
  2506 | D:4      | 2506 ||| Stepping ~*~*~tactically~*~*~ (hiding).
  2508 | D:4      | 2508 ||| Stepping ~*~*~tactically~*~*~ (hiding).
  2519 | D:4      | Reached XP level 6. HP: 38/38 MP: 6/6
  2672 | D:4      | 2672 ||| Stepping ~*~*~tactically~*~*~ (stealth).
  2673 | D:4      | 2673 ||| Stepping ~*~*~tactically~*~*~ (stealth).
  2876 | D:4      | Found Catoet's Assorted Antiques.
  2886 | D:4      | 2886 ||| BUYING 2 fuming blue potions (45 gold).
  2886 | D:4      | Bought 2 fuming blue potions for 45 gold pieces
  2886 | D:4      | 2886 ||| SHOPLISTING potion of resistance (250 gold, have
                  | 68).
  2886 | D:4      | 2886 ||| BUYING scroll labelled GELITU MIYGHEO (25 gold).
  2886 | D:4      | Bought a scroll labelled GELITU MIYGHEO for 25 gold pieces
  2895 | D:4      | 2895 ||| Stepping ~*~*~tactically~*~*~ (hiding).
  2896 | D:4      | 2896 ||| Stepping ~*~*~tactically~*~*~ (hiding).
  2932 | D:4      | 2932 ||| Stepping ~*~*~tactically~*~*~ (stealth).
  2934 | D:4      | 2934 ||| Stepping ~*~*~tactically~*~*~ (hiding).
  2935 | D:4      | 2935 ||| Stepping ~*~*~tactically~*~*~ (hiding).
  2941 | D:4      | 2941 ||| Stepping ~*~*~tactically~*~*~ (hiding).
  2952 | D:4      | Reached skill level 6 in Axes
  3058 | D:4      | Found a shimmering blue altar of Sif Muna.
  3204 | D:4      | 3204 ||| DROPPING +2 hat.
  3205 | D:4      | 3205 ||| DROPPING ring of wizardry.
  3206 | D:4      | 3206 ||| READING scroll labelled GELITU MIYGHEO.
  3234 | D:4      | 3234 ||| DRINKING 2 fuming blue potions.
  3251 | D:5      | Entered Level 5 of the Dungeon
  3251 | D:5      | Noticed Grinder
  3252 | D:5      | Noticed a shadow
  3263 | D:5      | Reached XP level 7. HP: 23/43 MP: 7/7
  3264 | D:5      | Killed a shadow
  3266 | D:5      | Killed Grinder
  3267 | D:5      | Reached skill level 7 in Axes
  3342 | D:5      | Found a bloodstained altar of Trog.
  3618 | D:5      | 3618 ||| Stepping ~*~*~tactically~*~*~ (hiding).
  3622 | D:5      | 3622 ||| Stepping ~*~*~tactically~*~*~ (hiding).
  3623 | D:5      | 3623 ||| Stepping ~*~*~tactically~*~*~ (hiding).
  3624 | D:5      | 3624 ||| Stepping ~*~*~tactically~*~*~ (hiding).
  3638 | D:5      | Reached XP level 8. HP: 46/48 MP: 8/8
  4389 | D:5      | 4389 ||| UPGRADING to +0 pair of gloves.
  4394 | D:5      | 4394 ||| READING scroll labelled GEKHLO TERO.
  4395 | D:5      | 4395 ||| DROPPING +0 morningstar.
  4396 | D:5      | 4396 ||| DRINKING 2 sedimented dark potions.
  4397 | D:5      | 4397 ||| READING 2 scrolls of identify.
  4397 | D:5      | 4397 ||| IDENTIFYING viscous white potion
  4420 | D:6      | Noticed Pikel
  4425 | D:6      | 4425 ||| STAIRDANCE
  4447 | D:5      | Killed Pikel
  4551 | D:6      | Found a staircase to the Ecumenical Temple.
  4552 | D:6      | 4552 ||| PLANNING TEMPLE
  4559 | Temple   | Entered the Ecumenical Temple
  4599 | Temple   | 4599 ||| PLANNING OKAWARU WORSHIP
  4842 | Temple   | Became a worshipper of Warmaster Okawaru
  4843 | Temple   | 4843 ||| PLANNING D:1-11
  4926 | D:6      | 4926 ||| Stepping ~*~*~tactically~*~*~ (hiding).
  4926 | D:6      | Noticed a wraith
  4935 | D:6      | HP: 11/49 [adder (3)]
  4936 | D:6      | Reached skill level 1 in Throwing
  4936 | D:6      | 4936 ||| DRINKING potion of heal wounds.
  4939 | D:6      | Killed from afar by an acid dragon

Levels and vault maps discovered:
D:1:      mrwooster_arrival_statue_3, layout_loops_ring, serial_forest,
          infiniplex_forest_clump_large, infiniplex_forest_lined_corner,
          infiniplex_forest_clump_tiny, infiniplex_forest_lined_2,
          infiniplex_forest_lined_ring, infiniplex_forest_clump_small,
          infiniplex_forest_end_1, infiniplex_forest_straight_3,
          infiniplex_forest_clump_diagonal
D:2:      layout_basic, basic_altar, chequers_serial_rivers_room_b
D:3:      layout_basic, kennysheep_ying_yang, mainiacjoe_overflow_tiny_flanked,
          nicolae_qazlal_beasts_of_the_sky,
          dreamdust_ecumenical_altar_angels_and_demons, hangedman_decor_push,
          nicolae_shop_vocational
D:4:      layout_cave_pools, lemuel_blue_sif_altar, serial_shops,
          nicolae_shop_competitors_out_of_business
D:5:      layout_layer_cave, bloody_trog, uniq_grinder
D:6:      layout_layer_cave, makhleb_blood_cavern_becter,
          minmay_temple_entry_statues_fountains, serial_demonic,
          serial_demonic_g, serial_demonic_f, serial_demonic_d,
          serial_demonic_f, serial_demonic_f, serial_demonic_g,
          serial_demonic_d, gammafunk_ghost_cemetery, minmay_manual_mess,
          uniq_pikel, uniq_crazy_yiuf_cottage
Temple:   compressed_dpeg_triangle_lava_temple

Skill      XL: |  1  2  3  4  5  6  7  8 |
---------------+-------------------------+-----
Axes           | 2 3 5 6 7 |  7.0
Fighting       | 4 5 |  5.0
Armour         | 5 |  5.1
Dodging        | 4 |  4.0
Throwing       | 1 |  1.8
Shields        | |  3.2

Action                     |  1- 3 |  4- 6 |  7- 9 || total
---------------------------+-------+-------+-------++-------
  Melee: War axe           |   155 |   171 |    54 ||   380
  Throw: Boomerang         |       |       |    10 ||    10
    Use: Scroll            |     1 |     5 |     2 ||     8
         Potion            |       |     4 |     2 ||     6
 Armour: Scale mail        |    73 |     7 |       ||    80
         Plate armour      |       |   127 |   101 ||   228
         Skin              |       |     3 |       ||     3
  Dodge: Dodged            |    73 |    51 |    34 ||   158
  Block: Buckler           |    28 |    36 |    24 ||    88

Table legend:
 A = Non-vault XP
 B = Vault XP
 C = Vault XP percentage of total XP
 D = Non-vault monster count
 E = Vault monster count
 F = Vault count percentage of total count
                 A         B        C        D         E       F
            +---------+---------+-------+---------+---------+-------
      Total |     946 |    1173 |  55.4 |      95 |       5 |   5.0
            +---------+---------+-------+---------+---------+-------
        D:1 |      35 |       0 |   0.0 |      20 |       0 |   0.0
        D:2 |      48 |       0 |   0.0 |      14 |       0 |   0.0
        D:3 |      69 |     129 |  65.2 |      23 |       1 |   4.2
        D:4 |     327 |       0 |   0.0 |      27 |       0 |   0.0
        D:5 |     427 |     928 |  68.5 |      10 |       2 |  16.7
        D:6 |      40 |     116 |  74.4 |       1 |       2 |  66.7
            +---------+---------+-------+---------+---------+-------
